[Event "Team 45 45 League T48"]
[Site "Internet Chess Club"]
[Date "2011.02.24"]
[Round "3"]
[White "GoIrish"]
[Black "Warpdrive"]
[Result "1-0"]
[WhiteElo "1540"]
[BlackElo "1564"]
[Opening "Réti opening"]
[ECO "A05"]
[Time "21:03:36"]
[TimeControl "2700+45"]

1. Nf3 Nf6 2. g3 d5 3. c4 dxc4 4. Na3 g6 5. Nxc4 Bg7 6. Bg2 O-O 7. O-O Nc6 8. d4
e6 9. Bf4 Nd5 10. Be5 f6 11. Bf4 Nxf4 12. gxf4 Bd7 13. e3 Rb8 14. a4 Ne7 15. b4
Bc6 16. b5 Be4 17. Qb3 Qd5 18. Ncd2 Bxf3 19. Bxf3 Qxb3 20. Nxb3 b6 21. Rac1 Nd5
22. Bxd5 exd5 23. Rxc7 Rf7 24. Rfc1 Rb7 25. Rxb7 Rxb7 26. Rc6 f5 27. Nc1 Kf7 28.
Nd3 h6 29. Rd6 Rc7 30. Rxd5 Ke6 31. Rd8 Rc4 32. Rb8 Rxa4 33. Rb7 Bf6 34. Kg2 Ra5
35. Ne5 g5 36. fxg5 hxg5 37. Nc6 Rxb5 38. Nxa7 Rb2 39. Nc8 b5 40. Rb6+ Kf7 41.
Nd6+ Ke7 42. Nxf5+ {Black resigns} 1-0

[Event "Team 45 45 League T48"]
[Site "Internet Chess Club"]
[Date "2011.02.28"]
[Round "3"]
[White "rom1"]
[Black "kingsrook"]
[Result "1-0"]
[WhiteElo "1537"]
[BlackElo "1248"]
[Opening "QGD Slav: 4.Nc3"]
[ECO "D15"]
[Time "15:00:12"]
[TimeControl "2700+45"]

1. d4 d5 2. c4 c6 3. Nf3 Nf6 4. Nc3 Bf5 5. g3 e6 6. cxd5 cxd5 7. Bg2 Be7 8. O-O
Nbd7 9. Bd2 O-O 10. Rc1 Rc8 11. Re1 Ne4 12. h3 Nxd2 13. Nxd2 Nf6 14. e4 dxe4 15.
Ndxe4 Qd7 16. Ng5 h6 17. Nf3 Rfd8 18. Qe2 a6 19. Red1 Qc7 20. Ne5 Bd6 21. Qe3
Bh7 22. Ne4 Qxc1 23. Rxc1 Rxc1+ 24. Qxc1 Nxe4 25. Qe3 f5 26. Kh2 b5 27. f3 Nf6
28. Nd3 Kf7 29. Nc5 Bxc5 30. dxc5 Nd5 31. Qe5 Rc8 32. Qd6 {Black resigns} 1-0

[Event "Team 45 45 League T48"]
[Site "Internet Chess Club"]
[Date "2011.02.27"]
[Round "3"]
[White "zepled37"]
[Black "check-man"]
[Result "0-1"]
[WhiteElo "1662"]
[BlackElo "1696"]
[Opening "Sicilian: closed"]
[ECO "B23"]
[Time "14:04:01"]
[TimeControl "2700+45"]

1. e4 c5 2. Nc3 g6 3. d4 cxd4 4. Qxd4 Nf6 5. Bb5 a6 6. e5 axb5 7. exf6 Nc6 8.
fxe7 Qxe7+ 9. Qe3 Qxe3+ 10. Bxe3 Bg7 11. Nxb5 Bxb2 12. Nc7+ Ke7 13. Nxa8 Bxa1
14. Nb6 Nb4 15. Bc5+ d6 16. Bxb4 Bf5 17. Kd2 Bd4 18. Nc4 Rd8 19. f3 Be6 20. c3
Bxg1 21. Nxd6 Bb6 22. Kc2 Rxd6 23. Re1 Kd7 24. Bxd6 Kxd6 25. Rd1+ Kc7 26. Kb2 h6
27. Re1 Kc6 28. Re4 h5 29. g4 Bd5 30. Rf4 Bc7 31. Rf6+ Kc5 32. gxh5 Be5 33. Rxg6
fxg6 34. hxg6 Bxf3 35. h4 Bh5 {White resigns} 0-1

[Event "Team 45 45 League T48"]
[Site "Internet Chess Club"]
[Date "2011.02.24"]
[Round "3"]
[White "rook9999"]
[Black "bmw2002"]
[Result "0-1"]
[WhiteElo "1836"]
[BlackElo "1550"]
[Opening "Caro-Kann: exchange, Rubinstein variation"]
[ECO "B13"]
[Time "19:22:24"]
[TimeControl "2700+45"]

1. e4 c6 2. d4 d5 3. exd5 cxd5 4. Bd3 Nc6 5. c3 Nf6 6. Bf4 Bg4 7. Qb3 Qd7 8. Nd2
e6 9. Ngf3 Na5 10. Qc2 Bh5 11. a4 Bg6 12. Ne5 Bxd3 13. Qxd3 Qc8 14. O-O Nc6 15.
c4 Nxe5 16. dxe5 dxc4 17. Nxc4 Nd5 18. Rac1 Qd7 19. Bg3 Be7 20. Rfd1 O-O 21. b3
Bg5 22. f4 Be7 23. Ne3 Rfd8 24. Nxd5 exd5 25. f5 b6 26. e6 fxe6 27. Rc7 Bc5+ 28.
Kh1 Qe8 29. f6 Rd7 30. fxg7 Rxc7 31. Bxc7 Kxg7 32. Be5+ Kg8 33. Rf1 Qg6 34.
Qxg6+ hxg6 35. Rf6 Rf8 36. Rxg6+ Kh7 37. Rg7+ Kh6 38. h3 Bd6 39. Rxa7 Bxe5 40.
g4 Bd4 41. Re7 Rf6 42. h4 Rg6 43. g5+ Kh5 44. Rh7+ Kg4 45. Kg2 Kf4 46. b4 Bc3
47. a5 bxa5 48. bxa5 Bxa5 49. Rf7+ Ke4 50. Rf6 Rxf6 51. gxf6 Kf4 52. f7 Bb4 53.
h5 Bf8 54. Kf2 Kg5 55. Ke3 Kxh5 56. Kd4 Kg6 57. Ke5 Kxf7 58. Kd4 Bd6 59. Ke3 Kf6
60. Kd4 Kf5 61. Ke3 e5 62. Kd3 Kf4 63. Ke2 Bc5 64. Kd2 Kf3 65. Ke1 e4 66. Kf1 d4
67. Ke1 d3 68. Kd1 Bb4 69. Kc1 e3 70. Kb2 e2 71. Kb3 e1=Q 72. Kc4 d2 73. Kxb4
d1=Q+ 74. Kb5 Qc2 75. Kb6 Qeb1+ 76. Ka5 Qca2# {White checkmated} 0-1

[Event "Team 45 45 League T48"]
[Site "Internet Chess Club"]
[Date "2011.02.27"]
[Round "3"]
[White "BrerRabbit"]
[Black "mmf00"]
[Result "0-1"]
[WhiteElo "1557"]
[BlackElo "1877"]
[Opening "English opening"]
[ECO "A20"]
[Time "15:01:43"]
[TimeControl "2700+45"]

1. c4 e5 2. g3 Nf6 3. Bg2 c6 4. d4 exd4 5. Qxd4 d5 6. Nf3 Be6 7. O-O Be7 8. Ng5
O-O 9. Nxe6 fxe6 10. Bg5 h6 11. Bf4 Bd6 12. Nd2 Qe7 13. Bxd6 Qxd6 14. e4 e5 15.
Qd3 d4 16. a3 c5 17. Nf3 Nc6 18. Ne1 a6 19. Qc2 Nd7 20. Nd3 Kh8 21. Rab1 b5 22.
b3 bxc4 23. bxc4 Rab8 24. Bh3 Nb6 25. Rfc1 Na5 26. Nb2 Rf3 27. Qd2 Nb3 28. Qd1
Rbf8 29. Bf5 R3xf5 30. exf5 Nxc1 31. Rxc1 Rxf5 32. Qd3 Qf6 33. Kg2 Rxf2+ 34. Kg1
Rxb2 35. Rf1 Qe7 36. Qg6 Kg8 37. Rf5 Nd7 38. Qxa6 Rb6 39. Qa8+ Kh7 {White
resigns} 0-1

[Event "Team 45 45 League T48"]
[Site "Internet Chess Club"]
[Date "2011.02.27"]
[Round "3"]
[White "Mymas"]
[Black "SpeedBlade"]
[Result "1-0"]
[WhiteElo "1412"]
[BlackElo "1452"]
[Opening "Caro-Kann: exchange variation"]
[ECO "B13"]
[Time "18:00:37"]
[TimeControl "2700+45"]

1. e4 c6 2. d4 d5 3. exd5 cxd5 4. Nf3 Nf6 5. Bd3 Bg4 6. Bf4 e6 7. O-O Bd6 8.
Bxd6 Qxd6 9. Nbd2 Nc6 10. c3 O-O 11. Qc2 Bh5 12. Rfe1 Bg6 13. Bxg6 hxg6 14. Ne5
Qc7 15. Ndf3 Nd7 16. Nxd7 Qxd7 17. Rad1 b5 18. Qe2 b4 19. Nd2 bxc3 20. bxc3 Rab8
21. Nb3 Rb6 22. Nc5 Qc7 23. Rb1 Rfb8 24. Na6 Qb7 25. Rxb6 Qxb6 26. Nxb8 Qxb8 27.
Qd3 Na5 28. Rb1 Qc7 29. Qb5 Nc4 30. Qb8+ Qxb8 31. Rxb8+ Kh7 32. Rb7 a5 33. Rxf7
Nd6 34. Re7 Nf5 35. Rxe6 Kg8 36. Rxg6 Kf7 37. Ra6 Nd6 38. Rxd6 {Black resigns}
1-0

[Event "Team 45 45 League T48"]
[Site "Internet Chess Club"]
[Date "2011.02.24"]
[Round "3"]
[White "MtzKid"]
[Black "daniguti"]
[Result "1-0"]
[WhiteElo "1677"]
[BlackElo "1676"]
[Opening "Scotch gambit: Dubois-Réti defense"]
[ECO "C55"]
[Time "20:02:09"]
[TimeControl "2700+45"]

1. e4 e5 2. Nf3 Nc6 3. d4 exd4 4. Bc4 Nf6 5. e5 d5 6. Bb5 Ne4 7. Nxd4 Bd7 8.
Bxc6 bxc6 9. O-O c5 10. Nb3 c6 11. f3 Ng5 12. f4 Ne4 13. Nc3 Nxc3 14. bxc3 c4
15. Nd4 c5 16. Ne2 Bc6 17. f5 Be7 18. Be3 Qc7 19. Ng3 Qxe5 20. Re1 Qd6 21. f6
Qxf6 22. Bxc5 Rd8 23. Rxe7+ Qxe7 24. Bxe7 Kxe7 25. Qg4 Kf8 26. Qd4 Bd7 27. Qxd5
Ke7 28. Qg5+ Ke8 29. Re1+ Be6 30. Qc5 Rd2 31. Re2 Rxe2 32. Nxe2 h5 33. Nf4 Rh6
34. Nxe6 Rxe6 35. Qxa7 Re1+ 36. Kf2 Rc1 37. Qe3+ {Black resigns} 1-0

[Event "Team 45 45 League T48"]
[Site "Internet Chess Club"]
[Date "2011.03.04"]
[Round "3"]
[White "Schack"]
[Black "Magagna"]
[Result "0-1"]
[WhiteElo "1697"]
[BlackElo "1897"]
[Opening "Petrov: Kaufmann attack"]
[ECO "C42"]
[Time "18:10:05"]
[TimeControl "2700+45"]

1. e4 e5 2. Nf3 Nf6 3. Nxe5 d6 4. Nf3 Nxe4 5. c4 Be7 6. d4 O-O 7. Bd3 Nf6 8. h3
c5 9. d5 Re8 10. O-O Na6 11. Nc3 Nc7 12. Qc2 a6 13. a4 Rb8 14. Ng5 g6 15. f4 b5
16. axb5 axb5 17. Nxb5 Nxb5 18. cxb5 Nxd5 19. Bc4 Bxg5 20. Bxd5 Bf6 21. Ra7 Bd4+
22. Kh1 Re7 23. Rxe7 Qxe7 24. Bd2 Rxb5 25. Re1 Rxb2 26. Qa4 Be6 27. Bc1 Rf2 28.
Qa8+ Kg7 29. Bf3 Qh4 30. Bb2 Bxb2 31. Rxe6 fxe6 32. Qb7+ Kh6 33. Qf7 Rxf3 {White
resigns} 0-1

[Event "Team 45 45 League T48"]
[Site "Internet Chess Club"]
[Date "2011.02.28"]
[Round "3"]
[White "gerailen0075"]
[Black "az2112"]
[Result "1-0"]
[WhiteElo "1986"]
[BlackElo "1755"]
[Opening "Ruy Lopez: Anderssen variation"]
[ECO "C77"]
[Time "20:56:48"]
[TimeControl "2700+45"]

1. e4 e5 2. Nf3 Nc6 3. Bb5 a6 4. Ba4 Nf6 5. d3 d6 6. c3 Bd7 7. O-O Be7 8. Re1
O-O 9. Nbd2 Ne8 10. Nf1 f5 11. exf5 Bxf5 12. Qb3+ Kh8 13. Bxc6 bxc6 14. Ng3 Bxd3
15. Rd1 Bg6 16. Nxe5 Bf6 17. Nxg6+ hxg6 18. Ne2 Bh4 19. g3 Be7 20. Nf4 Rf6 21.
Rd4 d5 22. Qc2 Qd6 23. Bd2 g5 24. Nh3 c5 25. Nxg5 {Black resigns} 1-0

[Event "Team 45 45 League T48"]
[Site "Internet Chess Club"]
[Date "2011.02.28"]
[Round "3"]
[White "clarinetref"]
[Black "TwoEqualsOne"]
[Result "1/2-1/2"]
[WhiteElo "1640"]
[BlackElo "1781"]
[Opening "English: symmetrical variation"]
[ECO "A30"]
[Time "17:07:39"]
[TimeControl "2700+45"]

1. c4 c5 2. g3 g6 3. Bg2 Bg7 4. Nf3 Nc6 5. e3 e6 6. O-O Nge7 7. d4 cxd4 8. Nxd4
Nxd4 9. exd4 d5 10. Nc3 O-O 11. cxd5 Nxd5 12. Nxd5 exd5 13. Be3 Be6 14. Qb3 Qd7
15. Rfd1 Rfc8 16. Rac1 Rxc1 17. Rxc1 Rc8 18. Rxc8+ Qxc8 19. Bxd5 Bxd5 20. Qxd5
h5 21. h4 b6 22. Kh2 Bf6 23. Qf3 Qd8 24. Qf4 Kg7 25. b3 Qd5 26. Qh6+ Kg8 27. Qf4
Kg7 28. Qh6+ Kg8 29. Qf4 Kg7 {Game drawn by repetition} 1/2-1/2

[Event "Team 45 45 League T48"]
[Site "Internet Chess Club"]
[Date "2011.02.24"]
[Round "3"]
[White "DARKwizard1"]
[Black "subterfuge"]
[Result "0-1"]
[WhiteElo "1956"]
[BlackElo "1777"]
[Opening "Caro-Kann: Steinitz variation"]
[ECO "B17"]
[Time "17:43:48"]
[TimeControl "2700+45"]

1. e4 c6 2. d4 d5 3. Nc3 dxe4 4. Nxe4 Nd7 5. Bd3 Ngf6 6. Ne2 Nxe4 7. Bxe4 Nf6 8.
Bf3 Bf5 9. Ng3 Bg6 10. O-O e6 11. c3 Qc7 12. Re1 Be7 13. Be3 h5 14. h3 O-O-O 15.
b4 Nd5 16. Bxd5 exd5 17. Qa4 a6 18. Rac1 h4 19. Nf1 Bd3 20. Nh2 Bd6 21. Nf3 f6
22. Qd1 Bf5 23. a4 g5 24. Nd2 Rdg8 25. Qf3 Qd7 26. c4 g4 27. hxg4 Bxg4 28. Qxf6
Bh3 29. Bf4 Qg4 30. g3 Bxf4 31. cxd5 Bxg3 32. Rxc6+ Bc7+ {White resigns} 0-1

[Event "Team 45 45 League T48"]
[Site "Internet Chess Club"]
[Date "2011.02.28"]
[Round "3"]
[White "noblitz-oblige"]
[Black "kidviper"]
[Result "0-1"]
[WhiteElo "1697"]
[BlackElo "1875"]
[Opening "Sicilian: Najdorf, Lipnitzky attack"]
[ECO "B86"]
[Time "10:06:29"]
[TimeControl "2700+45"]

1. e4 c5 2. Nf3 d6 3. d4 cxd4 4. Nxd4 Nf6 5. Nc3 a6 6. Bc4 e6 7. O-O b5 8. Bd3
Bb7 9. a3 Nc6 10. Nf3 Be7 11. Re1 Qc7 12. Bf4 e5 13. Bg5 Nb8 14. Nh4 h6 15. Be3
g6 16. h3 Kf8 17. Qf3 Kg7 18. Qg3 Nh5 19. Nf5+ Kf8 20. Qf3 Bg5 21. Rad1 Ng7 22.
Nxg7 Kxg7 23. Bxg5 hxg5 24. Nd5 Bxd5 25. exd5 Nd7 26. Qe3 f6 27. Qe4 f5 28. Qe3
Kf6 29. b4 Nb6 30. Qf3 Rh4 31. Rc1 Rah8 32. Bf1 g4 33. Qe3 Nxd5 34. Qb3 Nf4 35.
Kh2 Ne6 36. c4 Nd4 37. Qb2 gxh3 38. Re3 hxg2+ 39. Kxg2 Rh2+ {White resigns} 0-1

[Event "Team 45 45 League T48"]
[Site "Internet Chess Club"]
[Date "2011.02.28"]
[Round "3"]
[White "ferrari9182"]
[Black "Warpdrive"]
[Result "1/2-1/2"]
[WhiteElo "1938"]
[BlackElo "1577"]
[Opening "King's Indian: 5.Nf3"]
[ECO "E90"]
[Time "20:00:23"]
[TimeControl "2700+45"]

1. d4 Nf6 2. c4 g6 3. Nc3 Bg7 4. e4 d6 5. Nf3 O-O 6. g3 e5 7. Bg2 Nc6 8. d5 Ne7
9. O-O a5 10. h3 b6 11. Be3 Nd7 12. Qd2 f5 13. Ng5 Nf6 14. Ne6 Bxe6 15. dxe6
fxe4 16. Nxe4 Nxe4 17. Bxe4 Rb8 18. f4 Qc8 19. fxe5 Qxe6 20. exd6 Qxd6 21. Qxd6
cxd6 22. Rad1 Bxb2 23. Rxf8+ Kxf8 24. Rxd6 Nf5 25. Bxf5 gxf5 26. Bxb6 Rxb6 27.
Rd5 a4 28. Rxf5+ Kg7 29. Kg2 a3 30. Rd5 Rc6 31. c5 Bc3 32. Kf3 Bb4 33. Rd4 Bxc5
34. Rc4 Rf6+ 35. Ke4 Bd6 36. Ra4 Rf2 37. Kd5 Bf8 38. Ke6 Rxa2 39. Rg4+ Kh8 40.
Rf4 Re2+ 41. Kd7 Bg7 42. Ra4 Bb2 43. h4 Re3 44. g4 h6 45. h5 Rd3+ 46. Ke6 Re3+
47. Kf5 Rf3+ 48. Ke6 Rf6+ 49. Ke7 Kg7 50. Ke8 Rf8+ 51. Ke7 Rf7+ 52. Ke6 Bc1 53.
Rc4 a2 54. Rxc1 Ra7 55. Ra1 Ra6+ 56. Kf5 Ra5+ 57. Ke6 Ra6+ 58. Kf5 Ra5+ 59. Ke6
Ra6+ {Game drawn by repetition} 1/2-1/2

[Event "Team 45 45 League T48"]
[Site "Internet Chess Club"]
[Date "2011.02.26"]
[Round "3"]
[White "chesskix"]
[Black "mongmong"]
[Result "0-1"]
[WhiteElo "1446"]
[BlackElo "1641"]
[Opening "Nimzo-Indian defense"]
[ECO "E20"]
[Time "20:13:21"]
[TimeControl "2700+45"]

1. d4 e6 2. c4 Nf6 3. Nc3 Bb4 4. Bd2 b6 5. Nf3 Bb7 6. e3 O-O 7. Bd3 d5 8. cxd5
Nxd5 9. Nxd5 Bxd2+ 10. Qxd2 Bxd5 11. O-O Nd7 12. b3 c5 13. Rac1 Bxf3 14. gxf3
Nf6 15. Kh1 cxd4 16. exd4 Rc8 17. Rc4 Rxc4 18. bxc4 Qd6 19. Rg1 Rd8 20. Qg5 Ne8
21. d5 exd5 22. cxd5 Qf6 23. Be4 Qxg5 24. Rxg5 Nf6 25. Kg2 h6 26. Re5 Kf8 27. h4
Re8 28. Rxe8+ Kxe8 29. Kg3 Ke7 30. Kf4 Kd6 31. Ke3 Nxd5+ 32. Bxd5 Kxd5 33. Kd3
b5 34. Kc3 a5 35. a3 Ke5 36. Kd3 Kf4 37. Ke2 b4 38. axb4 axb4 39. Kd2 Kxf3 40.
Kc2 Kxf2 41. Kb3 Kg3 42. Kxb4 Kxh4 43. Kc4 Kg3 44. Kd4 h5 45. Ke4 h4 46. Ke3 h3
{White resigns} 0-1

[Event "Team 45 45 League T48"]
[Site "Internet Chess Club"]
[Date "2011.02.24"]
[Round "3"]
[White "fishhead"]
[Black "amanileo"]
[Result "0-1"]
[WhiteElo "1782"]
[BlackElo "1805"]
[Opening "Petrov: Cochrane gambit"]
[ECO "C42"]
[Time "13:00:22"]
[TimeControl "2700+45"]

1. e4 e5 2. Nf3 Nf6 3. Nxe5 d6 4. Nxf7 Kxf7 5. Bc4+ d5 6. exd5 Bd6 7. O-O Rf8 8.
d4 Kg8 9. a3 Bxh2+ 10. Kxh2 Ng4+ 11. Kg3 Qd6+ 12. f4 Qg6 13. Kf3 Ne5+ 14. dxe5
Bg4+ 15. Kf2 Bxd1 16. Rxd1 Qxc2+ 17. Be2 Nd7 18. Nc3 Nxe5 19. Kg1 Ng6 20. Rd4
Rae8 21. Bd1 Re1+ 22. Kh2 Qf2 {White resigns} 0-1

[Event "Team 45 45 League T48"]
[Site "Internet Chess Club"]
[Date "2011.02.28"]
[Round "3"]
[White "Bacon1290"]
[Black "OxidisedLizard"]
[Result "1-0"]
[WhiteElo "1728"]
[BlackElo "1852"]
[Opening "Ruy Lopez: Marshall, main line, 14...Qh3"]
[ECO "C89"]
[Time "08:00:06"]
[TimeControl "2700+45"]

1. e4 e5 2. Nf3 Nc6 3. Bb5 a6 4. Ba4 Nf6 5. O-O Be7 6. Re1 b5 7. Bb3 O-O 8. c3
d5 9. exd5 Nxd5 10. Nxe5 Nxe5 11. Rxe5 c6 12. d4 Bd6 13. Re1 Qh4 14. g3 Qh3 15.
Bxd5 cxd5 16. Be3 Bg4 17. Qd3 Rae8 18. Nd2 Re6 19. a4 f5 20. Qf1 Qh5 21. axb5 f4
22. Bxf4 Rxe1 23. Rxe1 Bxf4 24. gxf4 Bh3 25. Qd3 Rxf4 26. Nf1 Bg4 27. Ng3 Qh3
28. Qf1 Qxf1+ 29. Kxf1 axb5 30. Re5 Bf3 31. Nf5 Rg4 32. Ne3 Rh4 33. Kg1 Rh6 34.
Rg5 Ra6 35. h3 h6 36. Re5 h5 37. h4 Ra1+ 38. Kh2 Rb1 39. Kg3 Be2 40. b4 Rg1+ 41.
Kh2 Rc1 42. Nxd5 Bf3 43. Ne7+ Kf7 44. Re3 Rh1+ 45. Kg3 Bb7 46. Nf5 Rg1+ 47. Kf4
Kf6 48. Ng3 g6 49. Ne4+ Kg7 50. Nd6 Rg4+ 51. Ke5 Bg2 52. Rg3 Rxh4 53. Rxg2 Rh3
54. Nxb5 h4 55. d5 Rd3 56. Rh2 h3 57. Ke6 g5 58. d6 {Black resigns} 1-0

[Event "Team 45 45 League T48"]
[Site "Internet Chess Club"]
[Date "2011.02.27"]
[Round "3"]
[White "kwameh72"]
[Black "RD1974"]
[Result "0-1"]
[WhiteElo "1738"]
[BlackElo "1728"]
[Opening "Queen's pawn"]
[ECO "A40"]
[Time "19:00:37"]
[TimeControl "2700+45"]

1. d4 e6 2. Bf4 f5 3. Nc3 Nf6 4. e4 fxe4 5. f3 exf3 6. Nxf3 Be7 7. Bd3 Nc6 8. a3
b6 9. O-O Bb7 10. Nb5 Rc8 11. Qe2 O-O 12. Rad1 Nd5 13. Qe4 Nf6 14. Qe2 Nd5 15.
Bg3 a6 16. Nc3 Nf4 17. Bxf4 Rxf4 18. Ne4 Bf6 19. c3 Ne7 20. Nxf6+ Rxf6 21. Bxa6
Bxa6 22. Qxa6 Ra8 23. Qd3 Ra5 24. Ne5 Nd5 25. Rxf6 Nxf6 26. Rf1 Ra8 27. g4 d6
28. Nf7 Qe7 29. g5 Qxf7 30. h4 Rf8 31. gxf6 gxf6 32. Kh2 f5 33. Rg1+ Kh8 34. Qf3
e5 35. dxe5 dxe5 36. Qe3 Qf6 37. Rg5 h6 38. Rh5 Kh7 39. Qd3 Rf7 40. Qh3 e4 41.
Rg5 Qe5+ 42. Qg3 Qxg3+ 43. Rxg3 f4 44. Rg1 f3 45. Kg3 Rg7+ 46. Kf2 Rxg1 47. Kxg1
Kg6 48. Kf2 Kf5 49. b4 Kf4 50. c4 e3+ 51. Kf1 Kg3 52. c5 e2+ 53. Ke1 f2+ 54.
Kxe2 Kg2 55. cxb6 cxb6 {White resigns} 0-1

[Event "Team 45 45 League T48"]
[Site "Internet Chess Club"]
[Date "2011.02.25"]
[Round "3"]
[White "UsuallySleepy"]
[Black "mickeys"]
[Result "1/2-1/2"]
[WhiteElo "1805"]
[BlackElo "1957"]
[Opening "French: Fort Knox variation"]
[ECO "C03"]
[Time "08:45:35"]
[TimeControl "2700+45"]

1. e4 e6 2. d4 d5 3. Nd2 Bd7 4. Ngf3 dxe4 5. Nxe4 Bc6 6. Bd3 Nd7 7. O-O Ngf6 8.
Ned2 Be7 9. Nc4 O-O 10. c3 Be4 11. Re1 Bxd3 12. Qxd3 c5 13. Be3 b5 14. Nce5 Nxe5
15. Nxe5 c4 16. Qe2 Qd5 17. Bf4 Rac8 18. h3 Rfd8 19. Bg3 a5 20. Bh4 Rc7 21. Ng4
Nxg4 22. Bxe7 Rxe7 23. Qxg4 Qc6 24. Re5 Rd5 25. Rae1 Red7 26. Qf4 Qb6 27. Rxd5
Rxd5 28. Re5 h6 29. Rxd5 exd5 30. Qe5 Qd8 31. a3 Kf8 32. Kf1 a4 33. Kg1 {Game
drawn by mutual agreement} 1/2-1/2

[Event "Team 45 45 League T48"]
[Site "Internet Chess Club"]
[Date "2011.02.27"]
[Round "3"]
[White "pishd"]
[Black "kabindra"]
[Result "0-1"]
[WhiteElo "1691"]
[BlackElo "1823"]
[Opening "Dutch"]
[ECO "A80"]
[Time "10:32:00"]
[TimeControl "2700+45"]

1. d4 f5 2. Nf3 Nf6 3. Bf4 e6 4. h3 d5 5. e3 c6 6. c4 Bd6 7. Nc3 Ne4 8. Ne5 O-O
9. Qc2 Nd7 10. Bd3 Nxe5 11. dxe5 Bb4 12. O-O b6 13. cxd5 cxd5 14. Nxe4 fxe4 15.
Bb5 Bd7 16. Be2 Rc8 17. Qb3 Be7 18. Rac1 Bc5 19. Ba6 Rc7 20. Rc3 Qe8 21. Qc2 Bb5
22. Bxb5 Qxb5 23. Rc1 Rcf7 24. a3 a5 25. Rb3 Qa6 26. Qd1 Rf5 27. Qg4 Qa7 28. Qe2
Qf7 29. g4 Rxf4 30. exf4 Qxf4 31. Rxc5 bxc5 32. Qe3 Qxe5 33. Qxc5 Qf6 34. Rb5 d4
35. Qe5 Qxf2+ 36. Kh1 Qe1+ 37. Kg2 Rf2+ {White resigns} 0-1

[Event "Team 45 45 League T48"]
[Site "Internet Chess Club"]
[Date "2011.02.25"]
[Round "3"]
[White "loserloser"]
[Black "cknights"]
[Result "0-1"]
[WhiteElo "1788"]
[BlackElo "1890"]
[Opening "Sicilian: Smith-Morra gambit"]
[ECO "B21"]
[Time "11:30:04"]
[TimeControl "2700+45"]

1. e4 c5 2. d4 cxd4 3. c3 d3 4. Bxd3 Nc6 5. Nf3 d6 6. O-O Nf6 7. h3 e6 8. c4 Be7
9. Nc3 a6 10. Qe2 Qc7 11. Be3 O-O 12. Rac1 Qb8 13. Rfd1 Nd7 14. Nd4 Bf6 15. Nf3
b6 16. Bb1 Be7 17. Nd4 Nxd4 18. Bxd4 Bb7 19. f4 Qc7 20. e5 dxe5 21. fxe5 Bc5 22.
Kh1 Bxd4 23. Rxd4 Nxe5 24. Ne4 Rad8 25. Nd6 Rxd6 26. Qxe5 Rd7 27. Qxc7 Rxc7 28.
Rd6 b5 29. c5 Rfc8 30. b4 g6 31. Kh2 Kf8 32. g4 Ke7 33. Kg3 Rd8 34. Rcd1 Rcd7
35. Rxd7+ Rxd7 36. Rxd7+ Kxd7 37. Kf4 f6 38. g5 e5+ 39. Kg4 f5+ 40. Kg3 Ke6 41.
Bc2 f4+ 42. Kf2 e4 43. a4 Ke5 44. axb5 axb5 45. Bb3 e3+ 46. Kf1 f3 47. Bg8 f2
{White resigns} 0-1

[Event "Team 45 45 League T48"]
[Site "Internet Chess Club"]
[Date "2011.02.27"]
[Round "3"]
[White "cosen"]
[Black "Muravey"]
[Result "1-0"]
[WhiteElo "1729"]
[BlackElo "1635"]
[Opening "Bishop's opening/Petrov: Urusov gambit"]
[ECO "C24"]
[Time "18:15:37"]
[TimeControl "2700+45"]

1. e4 e5 2. Bc4 Nf6 3. d4 exd4 4. Nf3 Be7 5. O-O O-O 6. Re1 c5 7. e5 Ne8 8. c3
d5 9. exd6 Nxd6 10. Be2 dxc3 11. Nxc3 Nc6 12. Be3 b6 13. Qa4 Bd7 14. Bb5 Qc7 15.
Nd5 Qb7 16. Bxc6 Bxc6 17. Qxc6 Rab8 18. Nxe7+ Qxe7 19. Bf4 {Black resigns} 1-0

[Event "Team 45 45 League T48"]
[Site "Internet Chess Club"]
[Date "2011.03.01"]
[Round "3"]
[White "tsia68"]
[Black "cityprosecutor"]
[Result "0-1"]
[WhiteElo "1926"]
[BlackElo "1727"]
[Opening "Sicilian: closed, 6.f4"]
[ECO "B25"]
[Time "16:05:11"]
[TimeControl "2700+45"]

1. e4 c5 2. Nc3 Nc6 3. g3 g6 4. Bg2 d6 5. d3 Bg7 6. f4 Rb8 7. Nf3 a6 8. O-O Nf6
9. h3 b5 10. g4 h5 11. g5 Nd7 12. Nh4 Nb6 13. f5 gxf5 14. exf5 Kd7 15. Nd5 Bd4+
16. Kh1 Nxd5 17. Bxd5 e6 18. fxe6+ fxe6 19. Bg2 Rf8 20. c3 Be5 21. Be3 Ne7 22.
Qxh5 Bb7 23. Bxb7 Rxb7 24. Ng6 Nxg6 25. Qxg6 Kc8 26. Qxe6+ Kb8 27. Rf5 Re7 28.
Rxf8 Qxf8 29. Qg4 Qf7 30. Kg2 Bxc3 31. bxc3 Rxe3 32. d4 Qd5+ 33. Kg1 Rxc3 34.
dxc5 Qxc5+ 35. Kh1 Qd5+ 36. Kg1 Qe5 37. Kh1 Rg3 {White resigns} 0-1

[Event "Team 45 45 League T48"]
[Site "Internet Chess Club"]
[Date "2011.02.23"]
[Round "3"]
[White "zap2"]
[Black "Eyechess"]
[Result "0-1"]
[WhiteElo "1821"]
[BlackElo "1903"]
[Opening "Réti opening"]
[ECO "A05"]
[Time "16:07:28"]
[TimeControl "2700+45"]

1. Nf3 Nf6 2. g3 b6 3. Bg2 Bb7 4. O-O c5 5. d3 e6 6. Nbd2 Nc6 7. e4 d5 8. Qe2
Be7 9. a4 dxe4 10. dxe4 Nd4 11. Nxd4 cxd4 12. e5 Bxg2 13. exf6 Bxf1 14. fxg7 Rg8
15. Nxf1 Rxg7 16. Bf4 Rc8 17. Rd1 Qd5 18. Qa6 Rxc2 19. Ne3 Qf3 20. Qb5+ Kf8 21.
Qf1 dxe3 22. Bxe3 Rg6 23. Qd3 Qc6 24. b3 Rc3 25. Qd2 Rxb3 26. Bh6+ Ke8 27. Rc1
Qd7 28. Qc2 Rd3 29. Bf4 Bc5 30. a5 Rf3 31. Be3 Rxe3 32. axb6 axb6 33. Rd1 Qc6
34. Qd2 Rexg3+ 35. hxg3 Rxg3+ 36. Kf1 Qg2+ 37. Ke1 Qe4+ 38. Kf1 Qc4+ 39. Qe2
Rg1+ {White resigns} 0-1

[Event "Team 45 45 League T48"]
[Site "Internet Chess Club"]
[Date "2011.02.27"]
[Round "3"]
[White "room-matt"]
[Black "sbaker831"]
[Result "1/2-1/2"]
[WhiteElo "1672"]
[BlackElo "1651"]
[Opening "Queen's pawn: Chigorin variation"]
[ECO "D00"]
[Time "13:04:47"]
[TimeControl "2700+45"]

1. d4 d5 2. Nc3 e6 3. Nf3 Nf6 4. Bg5 Be7 5. e3 O-O 6. Bd3 h6 7. Bh4 b6 8. O-O
Ba6 9. Bxa6 Nxa6 10. Qe2 Nb8 11. Rad1 Nbd7 12. h3 c5 13. a3 c4 14. g4 Nh7 15.
Bxe7 Qxe7 16. e4 dxe4 17. Nxe4 Nhf6 18. Nxf6+ Nxf6 19. Qxc4 Rac8 20. Qd3 Nd5 21.
Qe4 Nf6 22. Qe2 Nd5 23. Ne5 Qh4 24. Ng6 Qxh3 25. f3 Qg3+ 26. Kh1 Qh3+ 27. Kg1
Qg3+ {Game drawn by mutual agreement} 1/2-1/2

[Event "Team 45 45 League T48"]
[Site "Internet Chess Club"]
[Date "2011.02.26"]
[Round "3"]
[White "UnderRated"]
[Black "Konstantinos"]
[Result "1-0"]
[WhiteElo "1601"]
[BlackElo "1719"]
[Opening "Sicilian defense"]
[ECO "B30"]
[Time "11:02:45"]
[TimeControl "2700+45"]

1. e4 c5 2. Nf3 Nc6 3. Bd3 d6 4. c3 Nf6 5. Bc2 g6 6. d3 Bg7 7. Be3 O-O 8. Nbd2
Qb6 9. Rb1 Bg4 10. h3 Bd7 11. Nf1 Nh5 12. g4 Nf6 13. Ng3 Qc7 14. Qd2 d5 15. Bf4
e5 16. Bh6 dxe4 17. dxe4 Be6 18. Bxg7 Kxg7 19. a3 Rad8 20. Qg5 Bc4 21. Nf5+ Kh8
22. Qxf6+ {Black resigns} 1-0

[Event "Team 45 45 League T48"]
[Site "Internet Chess Club"]
[Date "2011.02.26"]
[Round "3"]
[White "BlackHorse"]
[Black "alexping"]
[Result "1-0"]
[WhiteElo "2059"]
[BlackElo "1967"]
[Opening "French: Winawer (Nimzovich) variation"]
[ECO "C15"]
[Time "23:05:05"]
[TimeControl "2700+45"]

1. e4 e6 2. d4 d5 3. Nc3 Bb4 4. Bd3 c5 5. exd5 exd5 6. dxc5 Nc6 7. Nf3 d4 8. a3
Bxc3+ 9. bxc3 dxc3 10. O-O Nge7 11. Qe1 Qa5 12. Ng5 Qxc5 13. Ne4 Qe5 14. f4 Qc7
15. Qxc3 O-O 16. Bb2 f6 17. Rae1 Ng6 18. Bc4+ Kh8 19. Nxf6 gxf6 20. Qxf6+ Rxf6
21. Bxf6+ Qg7 22. Re8+ {Black resigns} 1-0